 Dungeon Crawl Stone Soup version 0.24.0-13-gcf9b3192b9 (webtiles) character file.

Game seed: 8128563372678135020, levelgen mode: deterministic

49 mopl the Ruffian (level 3, -5/32 HPs)
             Began as a Troll Arcane Marksman on Nov 5, 2019.
             Slain by a +0 quarterstaff of crushing (7 damage)
             ... created by the rancor of the Wu Jian Council
             ... on level 2 of the Dungeon.
             The game lasted 00:02:27 (1625 turns).

mopl the Ruffian (Troll Arcane Marksman)            Turns: 1625, Time: 00:02:28

Health: -5/32      AC: -2    Str: 15    XL:     3   Next: 51%
Magic:  3/3        EV: 10    Int:  5    God:
Gold:   79         SH:  0    Dex: 11    Spells: 3/4 levels left

rFire    . . .     SeeInvis .     - Unarmed
rCold    . . .     Gourm    +   (no shield)
rNeg     . . .     Faith    .   a - +0 robe
rPois    .         Spirit   .   (helmet restricted)
rElec    .         Reflect  .   (no cloak)
rCorr    .         Harm     .   (gloves unavailable)
MR       .....                  (boots unavailable)
Stlth    +.........             (no amulet)
HPRegen  0.50/turn              b - -3 ring of strength (curse)
MPRegen  0.08/turn              n - -4 ring of intelligence (curse)

@: corroded
A: large, unfitting armour, claws 3, fast metabolism 3, gourmand, regeneration
1, shaggy fur 1, tough skin 3
a: no special abilities


You were on level 2 of the Dungeon.
You were not hungry.

You visited 1 branch of the dungeon, and saw 2 of its levels.

You collected 79 gold pieces.

Inventory:

Hand Weapons
 g - a cursed -3 hunting sling
Missiles
 c - 4 large rocks (quivered)
 d - 2 throwing nets
Armour
 a - a +0 robe (worn)
Jewellery
 b - a cursed -3 ring of strength (left claw)
 k - an uncursed ring of magical power
 n - a cursed -4 ring of intelligence (right claw)
Scrolls
 i - 2 scrolls of remove curse {unknown}
 l - 2 scrolls of teleportation {unknown}
 m - a scroll of immolation {unknown}
 o - a scroll of fear {unknown}
Potions
 h - a potion of curing {unknown}
 j - a potion of heal wounds
Comestibles
 f - 4 rations


   Skills:
 - Level 0.7 Fighting
 + Level 2.4 Throwing
 - Level 1.5 Dodging
 * Level 2.6 Unarmed Combat
 - Level 1.0 Spellcasting
 - Level 2.0 Hexes


You had 3 spell levels left.
You knew the following spells:

 Your Spells              Type           Power        Failure   Level  Hunger
a - Corona                Hex            #......      22%         1    ##.....

Your spell library contained the following spells:

 Spells                   Type           Power        Failure   Level  Hunger
 Slow                     Hex            #.......     32%         2    ###....
 Inner Flame              Hex/Fire       #.......     67%         3    ####...
 Portal Projectile        Hex/Tloc       #.....       67%         3    ####...
 Cause Fear               Hex            #.........   91%         4    #####..
 Leda's Liquefaction      Hex/Erth       #.........   97%         4    #####..


Dungeon Overview and Level Annotations

Branches:
Dungeon (2/15)

Altars:
Ashenzari
Wu Jian
Zin

Shops:
D:2 *


Innate Abilities, Weirdness & Mutations

You are too large for most types of armour.
You have claws for hands.
Your metabolism is lightning-fast.
You like to eat raw meat.
Your natural rate of healing is unusually fast.
You are covered in fur. (AC +1)
You have extremely tough skin. (AC +3)


Message History

You destroy the +0 glaive of flaming!
That felt strangely unrewarding.
No target in view!
No target in view!
You start resting.
You feel a little less mighty now.
You climb downwards.
The +0 rapier of flaming hits you. The +0 rapier of flaming burns you.
The +0 quarterstaff of crushing hits you!
The +3 broad axe of speed hits you but does no damage.
The +4 rapier of piercing misses you. The +0 rapier of flaming hits you.
* * * LOW HITPOINT WARNING * * *
The +0 rapier of flaming burns you.
* * * LOW HITPOINT WARNING * * *
There is a stone staircase leading up, spattered with blood here.
Unknown command.
Unknown command.
Unknown command.
The +0 quarterstaff of crushing hits you!
You die...

#.# #.....# #.# #.#####
######### #.# #.#
#.......# #.# #.#
#.......#######.# #.#
####.............#.####
#.#
.^.+.................>#
#.#
####........#.##((..###
#.# #........#.##@(..#
#.# ##
##.......#.###(..#####.#
.#
#....)..#.#...........#
.#
#...(...#.#.#.........#
.#
#.......#.#.#.....##.##
.# #######.#.#
#.###.##.#
.##########.#.#
#...#.##.#
............#.#
#.....##.#
#############.#
#.#.####.#


You could see 4 dancing weapons.

Vanquished Creatures
  4 dancing weapons
  An adder (D:2)
  A worm (D:2)
  3 leopard geckos
  7 bats
  3 giant cockroaches
  2 goblins
  3 hobgoblins (D:1)
  6 kobolds
  5 frilled lizards
  5 rats
40 creatures vanquished.

Notes
Turn   | Place    | Note
-------+----------+-------------------------------------------
     0 | D:1      | mopl the Troll Arcane Marksman began the quest for the Orb.
     0 | D:1      | Reached XP level 1. HP: 18/18 MP: 1/1
   132 | D:1      | Reached skill level 1 in Unarmed Combat
   166 | D:1      | Reached XP level 2. HP: 26/26 MP: 2/2
   848 | D:2      | Found Zin's Purification Station.
   850 | D:2      | Found a glowing silver altar of Zin.
   953 | D:2      | Reached XP level 3. HP: 32/32 MP: 3/3
   979 | D:2      | Found an ornate altar of the Wu Jian Council.
   989 | D:2      | Found a shattered altar of Ashenzari.
  1175 | D:2      | Became a worshipper of the Wu Jian Council
  1176 | D:2      | Fell from the grace of Wu Jian
  1562 | D:2      | Noticed a +1 glaive of flaming
  1562 | D:2      | Noticed a +2 great sword of freezing
  1562 | D:2      | Noticed a +1 quarterstaff of speed
  1564 | D:2      | Killed a +2 great sword of freezing
  1565 | D:2      | Killed a +1 quarterstaff of speed
  1567 | D:2      | Killed a +1 glaive of flaming
  1617 | D:2      | Noticed a +0 rapier of flaming
  1617 | D:2      | Noticed a +3 broad axe of speed
  1617 | D:2      | Noticed a +0 glaive of flaming
  1617 | D:2      | Noticed a +0 quarterstaff of crushing
  1617 | D:2      | Noticed a +4 rapier of piercing
  1621 | D:1      | Killed a +0 glaive of flaming
  1625 | D:2      | Slain by a +0 quarterstaff of crushing

Levels and vault maps discovered:
D:1:      roderic_dead_forest, layout_loops_ring
D:2:      layout_basic, zin_purify, amethyst_overflow_temple_binary

Skill      XL: |  1  2 |
---------------+-------+-----
Throwing       | 2 |  2.4
Unarmed Combat | 1 2 |  2.6
Fighting       | |  0.7
Dodging        | |  1.5
Spellcasting   | |  1.0
Hexes          | |  2.0

Action                   || total
-------------------------++-------
Melee: Unarmed           ||   101
Invok: Renounce Religion ||     1
  Use: Potion            ||     2
  Eat: Chunk             ||    13
Armor: Robe              ||    53
Dodge: Dodged            ||    58
